 Dungeon Crawl Stone Soup version 0.16.3-4-gc506b73efe (webtiles) character file.

110 MordorOrchid the Grave Robber (level 4, -5/28 HPs)
             Began as an Octopode Necromancer on Dec 6, 2020.
             Killed from afar by Grinder (7 damage)
             ... with a wand of flame
             ... while paralysed by Grinder
             ... on level 2 of the Dungeon.
             The game lasted 00:08:12 (1631 turns).

MordorOrchid the Grave Robber (OpNe)                Turns: 1631, Time: 00:08:12

Health: -5/28      AC:  1    Str:  7    XL:     4   Next: 91%
Magic:  8/8        EV:  2    Int: 18    God:
Gold:   106        SH:  0    Dex: 19    Spells: 4 memorised, 0 levels left

rFire  . . .     SeeInvis .     t - +2 quarterstaff (chaos)
rCold  . . .     Clarity  .     (no shield)
rNeg   . . .     SustAb   .     (helmet restricted)
rPois  .         Gourm    .     (no amulet)
rElec  .         Spirit   .     a - +2 ring of dexterity
rCorr  .         Warding  .     (no ring)
rMut   .         Stasis   .     (no ring)
MR     .....                    (no ring)
Stlth  +++++.....               (no ring)
                                (no ring)
                                (no ring)
                                (no ring)

@: paralysed, agile, not resistant to hostile enchantments, quite stealthy
A: almost no armour, amphibious, 8 rings, constrict 8, camouflage 1, gelatinous
body 1
a: no special abilities


You were on level 2 of the Dungeon.
You were not hungry.

You visited 1 branch of the dungeon, and saw 3 of its levels.

You collected 106 gold pieces.

Inventory:

Hand weapons
 d - a +0 dagger
 r - a cursed -3 quarterstaff
 t - a +2 quarterstaff of chaos (weapon)
Missiles
 i - 29 bolts
 j - 49 arrows
Jewellery
 a - a +2 ring of dexterity (left tentacle)
Scrolls
 e - 2 scrolls of identify {unknown}
 g - 3 scrolls of amnesia {unknown}
 l - a scroll of noise {unknown}
 o - a scroll of remove curse {unknown}
 p - 2 scrolls of enchant armour {unknown}
 q - 2 scrolls of random uselessness {unknown}
 u - a scroll of magic mapping {unknown}
Potions
 h - a potion of invisibility {unknown}
 k - a potion of haste {unknown}
 m - a potion of agility
 s - a potion of might {unknown}
Books
 b - a book of Necromancy

   Spells                             Type                      Level
   a - Pain                           Necromancy                   1
   b - Animate Skeleton               Necromancy                   1
   c - Vampiric Draining              Necromancy                   3
   d - Regeneration                   Charms/Necromancy            3
   e - Animate Dead                   Necromancy                   4
   f - Control Undead                 Necromancy                   4
Comestibles
 c - 3 bread rations
 f - a meat ration
 n - 4 fruits


   Skills:
 * Level 1.6 Fighting
 * Level 3.1 Dodging
 - Level 3.0 Stealth
 + Level 2.9 Spellcasting
 * Level 4.4 Necromancy


You couldn't memorise any spells.
You knew the following spells:

 Your Spells              Type           Power        Failure   Level  Hunger
a - Pain                  Necr           ###.         2%          1    None
b - Regeneration          Chrm/Necr      ##........   24%         3    ###....
u - Animate Skeleton      Necr           N/A          2%          1    None
v - Vampiric Draining     Necr           ###.......   10%         3    ###....


Dungeon Overview and Level Annotations

Branches:
Dungeon (3/15)

Altars:
Dithmenos
Fedhas

Annotations:
D:2 Grinder


Innate Abilities, Weirdness & Mutations

You cannot wear most types of armour.
You are amphibious.
You can wear up to eight rings at the same time.
You can use your tentacles to constrict many enemies at once.
Your skin changes colour to match your surroundings (Stealth).
Your rubbery body absorbs attacks (AC +1).


Message History

Grinder rolls his eyes.
Grinder zaps a wand.
The puff of flame hits you!
It is a wand of flame.
You climb upwards.
There is a stone staircase leading down here.
Unknown command.
Drink which item? (? for menu, Esc to quit)
It was a potion of agility.
You feel agile all of a sudden.
Grinder zaps a wand.
The puff of flame hits you!
You barely miss Grinder. You grab Grinder. You constrict Grinder.
Grinder gestures at you.
You suddenly lose the ability to move!
You lose your grip on Grinder.
Grinder hits you.
* * * LOW HITPOINT WARNING * * *
You writhe in agony.
* * * LOW HITPOINT WARNING * * *
Grinder gestures at you.
You shrug off the repeated paralysis!
Grinder zaps a wand.
The puff of flame hits you!
You die...

## ##.#.## #.#.####### # #
##.###.###.<.# # # #.## ##.###.##
# # ##.###.####.# # #
#..#.####..# # ######...####.#.##
# .......#.###.....# #
######.#........5# # #
#..#.#.#....@# ##########
#####..#.##.#)..## ###.......Z.
.......#..##....# #....#######
######.######...# #.#..#
##.##..#..Z######.#..#
##.##.#...........Z.#######
#..#.#..#######.##ZZZZ..Z.
########.#..#..#######.#########Z
.........##.#....Z.....# #.


You could see Grinder and a friendly rat skeleton.

Vanquished Creatures
  Crazy Yiuf (D:2)
  An adder (D:2)
  A giant mite (D:2)
  4 worms (D:2)
  2 giant geckos
  A giant cockroach (D:1)
  5 hobgoblins
  3 jackals (D:1)
  6 bats
  3 giant newts (D:1)
  4 goblins
  5 kobolds
  10 rats
46 creatures vanquished.

Vanquished Creatures (collateral kills)
  A bat (D:2)
  A hobgoblin (D:1)
  A giant gecko (D:1)
  A giant newt (D:2)
  3 goblins
7 creatures vanquished.

Vanquished Creatures (others)
  A gnoll skeleton (D:2)
  2 bat skeletons (D:2)
  2 giant gecko skeletons
  A giant newt skeleton (D:1)
  A goblin skeleton (D:2)
  2 hobgoblin skeletons
  A kobold skeleton (D:2)
  2 rat skeletons
12 creatures vanquished.

Grand Total: 65 creatures vanquished

Notes
Turn   | Place    | Note
--------------------------------------------------------------
     0 | D:1      | MordorOrchid, the Octopode Necromancer, began the quest for the Orb.
     0 | D:1      | Reached XP level 1. HP: 11/11 MP: 3/3
    15 | D:1      | Learned a level 1 spell: Animate Skeleton
   293 | D:1      | Reached XP level 2. HP: 13/18 MP: 0/4
   617 | D:1      | Reached skill level 1 in Fighting
   673 | D:1      | Reached XP level 3. HP: 15/23 MP: 2/6
   849 | D:1      | Learned a level 3 spell: Vampiric Draining
   964 | D:2      | Found a blossoming altar of Fedhas.
  1107 | D:2      | Noticed Crazy Yiuf
  1134 | D:2      | Killed Crazy Yiuf
  1134 | D:2      | Reached XP level 4. HP: 24/28 MP: 0/8
  1274 | D:2      | Your ally Crazy Yiuf died
  1351 | D:2      | Found a shadowy altar of Dithmenos.
  1576 | D:2      | Learned a level 3 spell: Regeneration
  1624 | D:3      | Noticed Grinder
  1628 | D:2      | Paralysed by Grinder for 6 turns
  1631 | D:2      | Killed from afar by Grinder

Action                   |  1- 3 |  4- 6 || total
-------------------------+-------+-------++-------
Melee: Unarmed           |    16 |       ||    16
       Dagger            |    38 |       ||    38
       Quarterstaff      |       |    23 ||    23
 Cast: Pain              |    23 |     1 ||    24
       Animate Skeleton  |    15 |     6 ||    21
       Vampiric Draining |     1 |       ||     1
  Use: Potion            |       |     1 ||     1
 Stab: Sleeping          |     6 |     2 ||     8
  Eat: Chunk             |     1 |     2 ||     3
